AoeStats
← gob b

Arena

503974132Analyzed
2v2 RM · 29d ago on Sep 3, 2026· 45m 4s· 4 players
Game mode
Random Map
Map size
Medium (4 player)
Population
200
Speed
Normal
Resources
Standard
Victory
Conquest
Starting age
Dark Age
Ending age
Imperial Age
RankedLock teamsTeams togetherTeam positionsShared explorationLock speedFull tech treeHidden civsTurbo modeCheats
Victory
Defeat
🇪🇸 Bohemians · Spain
1477
+6
🇹🇷 Celts · Türkiye
1411
+7
🇮🇳 Khitans · India
1238
-7
1188
-6
BomberC4
10:25 Feudal Age
14:51 Castle Age
13:00 Double-Bit Axe
13:30 Loom
14:27 Scale Mail Armor
16:07 Chain Mail Armor
17:17 Man-at-Arms
17:44 Gambesons
24:22 Horse Collar
26:38 Town Watch
27:48 Wheelbarrow
27:58 Long Swordsman
29:02 Pikeman
32:45 Imperial Age
31:43 Forging
32:54 Capped Ram
34:46 Plate Mail Armor
33:51 Onager
35:15 Siege Ram
37:07 Siege Engineers
37:24 Ballistics
38:05 Chemistry
38:23 Gold Mining
39:04 Halberdier
41:13 Iron Casting
41:13 Bow Saw
41:07 Heavy Plow
40:52 Two-Handed Swordsman
41:21 Arson
43:08 Champion
44:17 Siege Onager
Flow
11:24 Feudal Age
12:27 Double-Bit Axe
12:40 Horse Collar
15:21 Castle Age
15:36 Light Cavalry
24:42 Wheelbarrow
24:18 Bow Saw
28:31 Imperial Age
26:57 Sanctity
27:51 Chemistry
28:22 Hand Cart
27:52 Loom
27:52 Town Watch
33:15 Town Patrol
34:16 Two-Man Saw
33:17 Heavy Plow
33:49 Guilds
34:01 Block Printing
35:13 Scale Mail Armor
35:23 Forging
35:22 Houfnice
35:33 Pikeman
36:13 Squires
36:35 Halberdier
37:26 Fletching
37:52 Chain Mail Armor
38:13 Iron Casting
38:42 Iron Casting
38:49 Bodkin Arrow
41:13 Ballistics
40:54 Bracer
41:55 Blast Furnace
41:25 Plate Mail Armor
43:49 Conscription
44:20 Siege Engineers
45:15 Padded Archer Armor
45:01 Treadmill Crane
[T41] Indian War Lord
12:12 Feudal Age
15:52 Castle Age
14:07 Double-Bit Axe
14:56 Horse Collar
15:57 Bow Saw
17:48 Loom
24:17 Forging
26:07 Wheelbarrow
26:03 Cavalier
28:04 Iron Casting
28:07 Husbandry
28:20 Heavy Plow
28:40 Scale Barding Armor
30:13 Chain Barding Armor
31:45 Hand Cart
37:02 Imperial Age
35:27 Padded Archer Armor
36:48 Burgundian Vineyards
38:50 Conscription
39:48 Chemistry
39:09 Ballistics
gob b
11:28 Feudal Age
15:27 Castle Age
14:03 Double-Bit Axe
14:27 Domestication
15:18 Gold Mining
20:04 Forging
25:13 Iron Casting
24:39 Scale Mail Armor
30:26 Chain Mail Armor
33:35 Bow Saw
36:06 Imperial Age
34:14 Wheelbarrow
37:17 Scale Barding Armor
37:42 Conscription
37:19 Fletching
38:39 Chain Barding Armor
38:00 Elite Steppe Lancer
38:41 Husbandry
39:56 Two-Man Saw
42:18 Plate Barding Armor
Connection lost

Rejoining the realm…

Still unreachable

The connection could not be restored.

Session expired

The server has moved on; the page needs a fresh start.